 Dungeon Crawl Stone Soup version 0.24.0-37-gcf1ca852f1 (webtiles) character file.

Game seed: 13774309814464456177, levelgen mode: deterministic

4800 FishyPogo the Skirmisher (level 10, 0/104 HPs)
             Began as a Troll Monk on Nov 30, 2019.
             Was a High Priest of Yredelemnul.
             Slain by a yak (7 damage)
             ... on level 8 of the Dungeon.
             The game lasted 00:36:14 (5832 turns).

FishyPogo the Skirmisher (Troll Monk)               Turns: 5832, Time: 00:36:14

Health: 0/104      AC:  8    Str: 23    XL:     10   Next: 24%
Magic:  8/11       EV: 16    Int:  6    God:    Yredelemnul [*****.]
Gold:   569        SH:  0    Dex: 13    Spells: 9/9 levels left

rFire    . . .     SeeInvis .   D - +3 scimitar
rCold    + . .     Gourm    +   (no shield)
rNeg     . . .     Faith    .   a - +0 robe
rPois    .         Spirit   .   (helmet restricted)
rElec    .         Reflect  .   G - +0 cloak
rCorr    .         Harm     .   (gloves unavailable)
MR       .....     Clarity  +   (boots unavailable)
Stlth    +.........             (no amulet)
HPRegen  0.67/turn              H - ring of protection from cold
MPRegen  0.12/turn              q - +4 ring of evasion

@: hasted, lightly drained, very quick
A: large, unfitting armour, claws 3, molten scales 1, clarity, deformed body,
fast metabolism 3, gourmand, regeneration 1, shaggy fur 1, tough skin 3
a: Recall Undead Slaves, Injury Mirror, Animate Dead, Drain Life, Enslave Soul,
Renounce Religion


You were on level 8 of the Dungeon.
You worshipped Yredelemnul.
Yredelemnul was extremely pleased with you.
You were very full.

You visited 1 branch of the dungeon, and saw 8 of its levels.

You collected 569 gold pieces.

Inventory:

Hand Weapons
 n - a +1 dagger of electrocution
 D - a +3 scimitar (weapon)
Missiles
 d - 361 stones
 r - 2 throwing nets
 s - 16 poisoned darts
 w - 3 boomerangs (quivered)
Armour
 a - a +0 robe (worn)
 G - a +0 cloak (worn)
Jewellery
 k - an uncursed ring of positive energy
 q - a +4 ring of evasion (right claw)
 H - a ring of protection from cold (left claw)
Wands
 i - a wand of flame (26)
 p - a wand of paralysis (3)
 t - a wand of iceblast (19)
 x - a wand of enslavement (7)
 C - a wand of polymorph (11)
Scrolls
 e - 2 scrolls of blinking
 f - 2 scrolls of fear
 h - 9 scrolls of identify
 j - a scroll of noise {unknown}
 l - a scroll of remove curse
 o - 4 scrolls of teleportation
 u - a scroll of fog
 y - a scroll of magic mapping {unknown}
 E - a scroll of amnesia {unknown}
Potions
 c - 4 potions of curing
 g - 2 potions of heal wounds
 m - 4 potions of brilliance {unknown}
 z - a potion of might {unknown}
 A - a potion of lignification
 B - a potion of cancellation {unknown}
Comestibles
 b - 9 rations
 F - 4 chunks of flesh


   Skills:
 * Level 7.9(7.3) Fighting
 + Level 7.4(6.9) Throwing
 * Level 6.2(5.7) Dodging
 - Level 1.0(0.6) Stealth
 - Level 5.0(4.5) Unarmed Combat
 * Level 3.6(3.1) Invocations


You had 9 spell levels left.
You didn't know any spells.
Your spell library was empty.

Dungeon Overview and Level Annotations

Branches:
Dungeon (8/15)             Temple (0/1) D:6
   Lair: D:8-11

Altars:
Ashenzari
Gozag
Kikubaaqudgha
Makhleb
Nemelex Xobeh
Ru
Trog
Yredelemnul

Shops:
D:5 *

Annotations:
D:4 3 runed translucent doors, execc's ghost, novice OpBe


Innate Abilities, Weirdness & Mutations

You are too large for most types of armour.
You have claws for hands.
Your metabolism is lightning-fast.
You like to eat raw meat.
Your natural rate of healing is unusually fast.
You are covered in fur. (AC +1)
You have extremely tough skin. (AC +3)
You are partially covered in molten scales. (AC +2)
You possess an exceptional clarity of mind.
Armour fits poorly on your strangely shaped body.


Message History

The yak gores you.
* * * LOW HITPOINT WARNING * * *
The yak closely misses you.
You slash the yak!
You kill the yak!
Yredelemnul accepts your kill. The yak gores you!
* * * LOW HITPOINT WARNING * * *
You slash the yak!
The yak is moderately wounded.
The yak gores you.
* * * LOW HITPOINT WARNING * * *
You barely miss the yak.
The yak is moderately wounded.
The yak gores you but does no damage.
You slash the yak!
The yak is severely wounded.
The yak gores you!
You die...
Your body rises from the dead as a mindless zombie.

#.. #.# ######
#####.#####....[
#.........#.....
#.........#.....
#.........'.....
#.....##..#.....
#....Y.######.....##.<#.....
.....Y.#..#@Y.....###(#.....
......Y#..#†......#...((....
..Y....#..+.......#.....(.).
......Y#..#...##+##....####.
.......#......# .......# #.
#......#......#....##### #.
#........._...#.... #.
+......'......#.... #.
#......#......#.. #.


You could see a yak.

Vanquished Creatures
  Pikel (D:4)
  Grinder (D:3)
  4 yaks (D:8)
  A human (D:3)
  Menkaure (D:5)
  Duvessa (D:7)
  An ice beast (D:7)
  A sky beast (D:8)
  A phantom (D:6)
  4 slaves
  2 ogres (D:4)
  2 centaurs
  5 big kobolds (D:3)
  Blork the orc (D:3)
  2 bullfrogs (D:7)
  A scorpion (D:4)
  3 wights (D:7)
  2 bullfrog zombies
  2 centaur zombies (D:5)
  3 crimson imps
  2 hounds
  5 orc priests
  Crazy Yiuf (D:7)
  A bullfrog skeleton (D:7)
  Ijyb (D:3)
  2 iguanas
  10 orc wizards
  13 worker ants
  A worker ant zombie (D:5)
  A howler monkey skeleton (D:5)
  5 gnolls (D:3)
  16 adders
  A shadow imp (D:6)
  2 oozes
  An adder zombie (D:6)
  4 worms
  2 adder skeletons
  2 dart slugs (D:1)
  4 leopard geckos
  13 orcs
  3 giant cockroaches
  5 goblins
  9 hobgoblins
  15 jackals
  58 kobolds
  3 quokkas
  A ball python skeleton (D:5)
  8 bats
  6 frilled lizards
  A jackal zombie (D:3)
  A quokka skeleton (D:8)
  A quokka zombie (D:5)
  5 rats
242 creatures vanquished.

Vanquished Creatures (collateral kills)
  A two-headed ogre (D:7)
  A big kobold (D:3)
  Dowan (D:7)
  2 adders
  A leopard gecko (D:4)
  5 orcs
  A giant cockroach (D:7)
  A hobgoblin (D:3)
  3 jackals
  2 quokkas
  4 kobolds (D:3)
22 creatures vanquished.

Vanquished Creatures (others)
  A wight (D:7)
  A centaur zombie (D:4)
  A mummy (D:3)
  3 orc zombies (D:4)
  3 jackal zombies (D:3)
  7 kobold zombies (D:3)
  A leopard gecko zombie (D:3)
17 creatures vanquished.

Grand Total: 281 creatures vanquished

Notes
Turn   | Place    | Note
-------+----------+-------------------------------------------
     0 | D:1      | FishyPogo the Troll Monk began the quest for the Orb.
     0 | D:1      | Reached XP level 1. HP: 22/22 MP: 0/0
   142 | D:2      | Reached XP level 2. HP: 29/29 MP: 1/1
   177 | D:2      | Found a burning altar of Makhleb.
   190 | D:2      | Reached skill level 1 in Throwing
   190 | D:2      | Reached XP level 3. HP: 27/36 MP: 2/2
   212 | D:2      | Found a shattered altar of Ashenzari.
   378 | D:3      | Reached XP level 4. HP: 45/45 MP: 3/3
   417 | D:3      | Noticed Grinder
   437 | D:3      | Gained mutation: Your spells are a little easier to cast,
                  | but a little less powerful. [potion of mutation]
   437 | D:3      | Gained mutation: You have large cloven feet. [potion of
                  | mutation]
   446 | D:3      | Killed Grinder
   446 | D:3      | Reached XP level 5. HP: 20/54 MP: 4/4
   446 | D:3      | Reached XP level 6. HP: 23/62 MP: 5/5
   544 | D:4      | Noticed Blork the orc
   550 | D:3      | Killed Blork the orc
   726 | D:4      | Noticed execc's ghost (novice OpBe)
   732 | D:4      | Noticed a slave
   733 | D:4      | Noticed a slave
   733 | D:4      | Noticed a slave
   733 | D:4      | Noticed a slave
   734 | D:4      | Noticed Pikel
   741 | D:3      | Killed a slave
   850 | D:3      | Found a runed translucent door.
   850 | D:3      | Noticed a human
   865 | D:3      | Found a basalt altar of Yredelemnul.
   895 | D:3      | Killed a human
   895 | D:3      | Reached XP level 7. HP: 65/71 MP: 6/6
   902 | D:3      | Became a worshipper of Yredelemnul the Dark
   902 | D:3      | Reached * piety under Yredelemnul
   902 | D:3      | Reached ** piety under Yredelemnul
  1468 | D:1      | Lost mutation: Your spells are a little easier to cast, but
                  | a little less powerful. [potion of mutation]
  1468 | D:1      | Lost mutation: You have large cloven feet. [potion of
                  | mutation]
  1468 | D:1      | Gained mutation: You possess an exceptional clarity of
                  | mind. [potion of mutation]
  1468 | D:1      | Gained mutation: Armour fits poorly on your strangely
                  | shaped body. [potion of mutation]
  1468 | D:1      | Gained mutation: You are partially covered in molten
                  | scales. (AC +2) [potion of mutation]
  1700 | D:2      | Found a bloodstained altar of Trog.
  1798 | D:2      | Reached *** piety under Yredelemnul
  2059 | D:3      | Noticed Ijyb
  2096 | D:3      | Killed Ijyb
  2279 | D:3      | Reached skill level 5 in Fighting
  2349 | D:3      | Reached XP level 8. HP: 79/80 MP: 7/7
  2363 | D:3      | Received a gift from Yredelemnul (a mummy)
  2369 | D:3      | Reached skill level 5 in Unarmed Combat
  2644 | D:3      | Reached **** piety under Yredelemnul
  2785 | D:4      | Reached skill level 5 in Throwing
  2964 | D:4      | Found a runed translucent gate.
  2964 | D:4      | Found a runed translucent gate.
  2965 | D:4      | Found a runed translucent gate.
  3039 | D:4      | Killed Pikel
  3039 | D:4      | Reached XP level 9. HP: 52/92 MP: 8/8
  3269 | D:4      | Found a sparkling altar of Nemelex Xobeh.
  3481 | D:5      | Entered Level 5 of the Dungeon
  3501 | D:5      | Noticed Menkaure
  3772 | D:5      | Reached skill level 5 in Dodging
  3897 | D:5      | Found Ixze's General Store.
  4004 | D:5      | Killed Menkaure
  4116 | D:6      | Found a staircase to the Ecumenical Temple.
  4320 | D:6      | Reached skill level 1 in Invocations
  4321 | D:6      | Found a burning altar of Makhleb.
  4323 | D:6      | Found a sacrificial altar of Ru.
  4532 | D:6      | Received a gift from Yredelemnul (a wight)
  4900 | D:7      | Noticed Dowan
  4901 | D:7      | Noticed Duvessa
  4907 | D:7      | Killed Dowan
  4915 | D:7      | Killed Duvessa
  4930 | D:7      | Found an ancient bone altar of Kikubaaqudgha.
  5119 | D:7      | Reached ***** piety under Yredelemnul
  5172 | D:7      | Noticed a two-headed ogre
  5181 | D:7      | Killed a two-headed ogre
  5260 | D:7      | Found an opulent altar of Gozag.
  5317 | D:7      | Reached XP level 10. HP: 102/102 MP: 11/11
  5647 | D:7      | Found a runed translucent door.
  5648 | D:7      | Noticed Crazy Yiuf
  5704 | D:7      | Killed Crazy Yiuf
  5772 | D:8      | Found a burning altar of Makhleb.
  5832 | D:8      | Slain by a yak

Levels and vault maps discovered:
D:1:      matt_arrival_diagonals, layout_loops_ring
D:2:      layout_basic, bloody_trog, evilmike_ruin_ashenzari,
          makhleb_heckhound_becter
D:3:      minmay_goblin_kobold_castle, layout_basic, dk_yredelemnul_ordeal,
          uniq_ijyb, uniq_grinder
D:4:      layout_loops_ring, gammafunk_ghost_split,
          hangedman_decor_clover_reticule, nemelex_dance_club_becter,
          uniq_pikel, uniq_blork_the_orc
D:5:      layout_cave_pools, first_ration, serial_shops, shop, uniq_menkaure
D:6:      layout_gridville, chequers_temple_overflow_statue_of_worship,
          minmay_temple_entry_overgrown
D:7:      layout_basic, kennysheep_mini_moat, old_standard_altar,
          chequers_serial_rivers_micro_c, uniq_duvessa, uniq_crazy_yiuf_cottage
D:8:      layout_gridville, dpeg_lair_monsters, basic_altar

Skill      XL: |  1  2  3  4  5  6  7  8  9 10 |
---------------+-------------------------------+-----
Throwing       | 1 2 3 4 6 7 |  7.4
Fighting       | 3 4 5 6 7 |  7.9
Dodging        | 3 4 5 6 |  6.2
Unarmed Combat | 4 5 |  5.0
Invocations    | 2 3 |  3.6
Stealth        | |  1.0

Action                   |  1- 3 |  4- 6 |  7- 9 | 10-12 || total
-------------------------+-------+-------+-------+-------++-------
Melee: Unarmed           |    60 |    69 |    60 |       ||   189
       Kick              |       |    11 |     7 |       ||    18
       Punch             |       |     1 |    15 |     4 ||    20
       Dagger            |       |       |   583 |       ||   583
       Scimitar          |       |       |    13 |    54 ||    67
Throw: Stone             |       |     1 |    10 |       ||    11
       Dart              |       |       |    14 |       ||    14
       Boomerang         |       |       |    18 |       ||    18
Invok: Animate Remains   |       |       |     5 |       ||     5
       Animate Dead      |       |       |     9 |       ||     9
       Injury Mirror     |       |       |     2 |       ||     2
       Drain Life        |       |       |       |     1 ||     1
Evoke: Wand              |       |     2 |       |       ||     2
  Use: Scroll            |     4 |     2 |     1 |       ||     7
       Potion            |       |     3 |     1 |     2 ||     6
 Stab: Sleeping          |       |       |     5 |       ||     5
       Distracted        |       |       |     1 |       ||     1
  Eat: Chunk             |     9 |     5 |    43 |     7 ||    64
Armor: Robe              |    17 |    22 |   194 |    21 ||   254
       Skin              |       |    23 |       |       ||    23
Dodge: Dodged            |    22 |    39 |   507 |    72 ||   640
       Rpst.: Scimitar   |       |       |     5 |    22 ||    27
